 Dungeon Crawl Stone Soup version 0.23.0 (webtiles) character file.

Game seed: 13511722808748728951

12 Geeful the Grasshopper (level 2, -2/27 HPs)
             Began as a Naga Warper on Feb 17, 2019.
             Slain by a hobgoblin
             ... wielding a +0 club
              (3 damage)
             ... on level 1 of the Dungeon.
             The game lasted 00:02:34 (667 turns).

Geeful the Grasshopper (Naga Warper)                 Turns: 667, Time: 00:02:34

Health: -2/27      AC:  3    Str: 13    XL:     2   Next: 33%
Magic:  5/5        EV:  9    Int: 13    God:
Gold:   54         SH:  0    Dex: 10    Spells: 1/5 levels left

rFire    . . .     SeeInvis +   a - +0 spear
rCold    . . .     Gourm    .   (no shield)
rNeg     . . .     Faith    .   b - +0 leather armour
rPois    +         Spirit   .   (no helmet)
rElec    .         Reflect  .   (no cloak)
rCorr    .         Harm     .   g - +0 pair of gloves
MR       .....                  (no barding)
Stlth    +.........             (no amulet)
HPRegen  0.09/turn              (no ring)
MPRegen  0.09/turn              (no ring)

@: very slow
A: large, see invisible, deformed body, poison resistance, slowness 2, slow
metabolism 1, spit poison 1, AC +0
a: Spit Poison


You were on level 1 of the Dungeon.
You were not hungry.

You visited 1 branch of the dungeon, and saw 1 of its levels.

You collected 54 gold pieces.

Inventory:

Hand Weapons
 a - a +0 spear (weapon)
Missiles
 e - 5 tomahawks of dispersal (quivered)
Armour
 b - a +0 leather armour (worn)
 g - a +0 pair of gloves (worn)
Scrolls
 c - a scroll of enchant weapon {unknown}
 d - a scroll of blinking
 h - a scroll of remove curse {unknown}
Potions
 i - 2 potions of ambrosia {unknown}
Comestibles
 f - a ration


   Skills:
 * Level 2.9 Fighting
 - Level 2.0 Polearms
 - Level 0.8 Throwing
 - Level 0.7 Armour
 - Level 1.5 Dodging
 - Level 2.0 Spellcasting
 + Level 3.0 Translocations


You had one spell level left.
You knew the following spells:

 Your Spells              Type           Power        Failure   Level  Hunger
a - Blink                 Tloc           N/A          14%         2    ###....
b - Shroud of Golubria    Chrm/Tloc      #.........   26%         2    ###....

Your spell library contained the following spells:

 Spells                   Type           Power        Failure   Level  Hunger
 Gell's Gravitas          Tloc           #.........   28%         3    ####...
 Lesser Beckoning         Tloc           #.........   28%         3    ####...
 Teleport Other           Tloc           #.......     28%         3    ####...
 Passage of Golubria      Tloc           N/A          67%         4    #####..


Dungeon Overview and Level Annotations

Branches:
Dungeon (1/15)

Altars:


Innate Abilities, Weirdness & Mutations

You cannot wear boots.
Your serpentine skin is tough. (AC +0)
You have supernaturally acute eyesight. (SInv)
Armour fits poorly on your strangely shaped body.
Your system is resistant to poisons. (rPois)
You cover ground very slowly.
You have a slow metabolism.
You can spit poison.


Message History

* * * LOW HITPOINT WARNING * * *
You barely miss the dart slug.
The dart slug is severely wounded.
A goblin comes into view.
The dart slug launches a dart at you. The slug dart hits you.
* * * LOW HITPOINT WARNING * * *
You completely miss the dart slug.
The dart slug is severely wounded.
The goblin shouts!
You hit the hobgoblin.
The hobgoblin is almost dead.
The hobgoblin hits you but does no damage.
The dart slug launches a dart at you. The slug dart hits you.
* * * LOW HITPOINT WARNING * * *
You hit the hobgoblin but do no damage.
The hobgoblin is almost dead.
The hobgoblin hits you with a +0 club.
You die...

.≈....≈....÷....#
.≈.⌠<.≈..#.####)###
.≈....≈....####...##
.#....#.#.......#..### .
.##≈≈#'.##.....#.....#..
##......####.....#......
...#.....###...#.##.....
#..#........(.##.!.[....
##........##..%g@$##....
#.......###..†##w# ..
#.......# #.... ...
#.#..................
#........##....?...g?..
##...... #............ .
.....[.......
##............


You could see a dart slug, a hobgoblin and a goblin.

Vanquished Creatures
  2 bats (D:1)
  2 giant cockroaches (D:1)
  2 hobgoblins (D:1)
  3 kobolds (D:1)
  4 rats (D:1)
13 creatures vanquished.

Notes
Turn   | Place    | Note
-------+----------+-------------------------------------------
     0 | D:1      | Geeful the Naga Warper began the quest for the Orb.
     0 | D:1      | Reached XP level 1. HP: 19/19 MP: 3/3
   339 | D:1      | Reached XP level 2. HP: 7/27 MP: 5/5
   343 | D:1      | Learned a level 2 spell: Blink
   346 | D:1      | Learned a level 2 spell: Shroud of Golubria
   666 | D:1      | HP: 1/27 [dart slug/slug dart (4)]
   667 | D:1      | Slain by a hobgoblin

Action                   || total
-------------------------++-------
Melee: Spear             ||    71
 Abil: Spit Poison       ||     2
Armor: Leather armour    ||    16
Dodge: Dodged            ||    36
